 Dungeon Crawl Stone Soup version 0.29.1-4-g47bece8355 (webtiles) character file.

Game seed: 840943797070039333

137 GorkyZ the Trooper (level 5, -1/33 HPs)
             Began as a Gargoyle Fighter on Dec 11, 2022.
             Slain by a wight
             ... wielding a +3 scimitar of freezing
              (4 damage)
             ... on level 3 of the Dungeon.
             The game lasted 00:05:45 (2335 turns).

GorkyZ the Trooper (Gargoyle Fighter)               Turns: 2335, Time: 00:05:46

Health: -1/33      AC: 17    Str: 21    XL:     5   Next: 20%
Magic:  5/5        EV:  9    Int:  9    God:
Gold:   146        SH:  4    Dex:  9    Spells: 4/4 levels left

rFire   + . .      SeeInvis .   a - +0 war axe
rCold   . . .      Faith    .   c - +0 buckler
rNeg    + . .      Spirit   .   b - +0 scale mail
rPois   ∞          Reflect  .   h - +0 helmet
rElec   +          Harm     .   e - +2 cloak
rCorr   .          Rampage  .   (no gloves)
Will    .....                   i - +1 pair of boots of Resourcefulness {rF+ Regen+}
Stlth   ..........              (no amulet)
HPRegen 0.91/turn               (no ring)
MPRegen 0.09/turn               (no ring)

@: no status effects
A: sickness immunity, AC +4, negative energy resistance 1, electricity
resistance, torment resistance 1, petrification resistance
a: no special abilities


You were on level 3 of the Dungeon.
You visited 1 branch of the dungeon, and saw 3 of its levels.

You collected 146 gold pieces.

Inventory:

Hand Weapons
 a - a +0 war axe (weapon)
 g - a +0 dagger of venom
Armour
 b - a +0 scale mail (worn)
 c - a +0 buckler (worn)
 e - a +2 cloak (worn)
 h - a +0 helmet (worn)
 i - the +1 pair of boots of Resourcefulness (worn) {rF+ Regen+}
   (You found it on level 2 of the Dungeon)

   rF:        It protects you from fire.
   Regen:     It increases your rate of health regeneration.
Scrolls
 j - a scroll of magic mapping {unknown}
Potions
 d - 3 potions of might
 f - a potion of degeneration {unknown}


   Skills:
 + Level 3.9 Fighting
 + Level 0.2 Short Blades
 - Level 2.3 Axes
 + Level 1.3 Throwing
 + Level 3.8 Armour
 + Level 1.2 Dodging
 + Level 3.7 Shields
 + Level 1.2 Evocations


You had 4 spell levels left.
You didn't know any spells.
Your spell library contained the following spells:

 Spells                   Type           Power      Damage    Failure   Level
 Apportation              Tloc           0%         N/A       82%         1
 Gell's Gravitas          Tloc           0%         N/A       99%         3
 Teleport Other           Tloc           0%         N/A       99%         3
 Alistair's Intoxication  Tmut/Pois      0%         N/A       100%        5
 Dispersal                Tloc           0%         N/A       100%        6


Dungeon Overview and Level Annotations

Branches:
Dungeon (3/15)

Altars:


Innate Abilities, Weirdness & Mutations

You are immune to sickness and miasma.
Your stone body is resilient. (AC +4)
You are immune to poison.
You resist negative energy. (rN+)
You are resistant to electric shocks. (rElec)
You are resistant to unholy torment.
You are immune to petrification.


Message History

The wight hits you with a +5 trident!
You closely miss the wight.
The wight is heavily damaged.
The wight closely misses you. The wight attacks as you move away!
The wight hits you but does no damage.
The wight hits you from afar with a +5 trident.
* * * LOW HITPOINT WARNING * * *
Your +0 dagger of venom stops dripping with poison.
a - a +0 war axe (weapon)
The wight hits you but does no damage.
Found a scroll labelled BIKLISE ETILONUGG.
You see here 12 gold pieces.
Found a stone staircase leading down.
The wight hits you but does no damage.
You see here 2 scrolls labelled PIOHACY OSY.
Found a stone staircase leading up.
The wight hits you with a +5 trident!
You hit the wight.
The wight is almost destroyed.
You barely miss the wight. The wight hits you with a +5 trident.
You barely miss the wight.
The wight is almost destroyed.
You barely miss the wight. You closely miss the wight.
The wight hits you but does no damage. The wight closely misses you.
You block the wight's attack. The wight hits you with a +0 falchion!
* * * LOW HITPOINT WARNING * * *
The wight hits you with a +3 scimitar of freezing.
* * * LOW HITPOINT WARNING * * *
The wight freezes you.
* * * LOW HITPOINT WARNING * * *
The wight closely misses you. You block the wight's attack.
The wight closely misses you. The wight attacks as you move away!
The wight hits you with a +3 scimitar of freezing.
* * * LOW HITPOINT WARNING * * *
The wight freezes you.
* * * LOW HITPOINT WARNING * * *
The wight attacks as you move away!
The wight hits you with a +3 scimitar of freezing.
You die...

#...# #....# . #..†#
#.##...#
#..(####.###.##
#####.......?....#
.............#####
.####.#.###zz#######
.####.#.# #.........
........###?z#######
.####.......@#
###.###..# #.# #..#
#.# #..# #.# #<.#
.######.###..#
.............#
#########.####.#
....z.###.####.##


You could see 3 wights.

Vanquished Creatures
  4 gnolls
  5 adders
  3 dart slugs
  6 endoplasms
  6 hobgoblins
  2 jackals (D:1)
  2 kobolds
  A quokka (D:1)
  6 ball pythons
  3 bats
  3 frilled lizards
  5 goblins
  7 rats
53 creatures vanquished.

Notes
Turn   | Place    | Note
-------+----------+-------------------------------------------
     0 | D:1      | GorkyZ the Gargoyle Fighter began the quest for the Orb.
     0 | D:1      | Reached XP level 1. HP: 14/14 MP: 1/1
   217 | D:1      | Reached XP level 2. HP: 19/19 MP: 2/2
   301 | D:1      | Reached XP level 3. HP: 3/23 MP: 3/3
  1375 | D:2      | Reached skill level 1 in Dodging
  1391 | D:2      | Reached XP level 4. HP: 26/29 MP: 4/4
  1412 | D:2      | Reached skill level 1 in Throwing
  1423 | D:2      | Reached skill level 1 in Evocations
  1915 | D:2      | Reached XP level 5. HP: 33/33 MP: 5/5
  1918 | D:2      | Identified the +1 pair of boots of Resourcefulness {rF+
                  | Regen+}
  2333 | D:3      | HP: 1/33 [wight/+3 scimitar of freezing (1)]
  2335 | D:3      | Slain by a wight

Illustrated notes

Levels and vault maps discovered:
D:1:      minmay_arrival_four_houses, layout_loops_ring, nicolae_hexahallways,
          hangedman_decor_clover_reticule, st_stairs_13
D:2:      layout_rooms, serial_park_tiny_pond, uniq_crazy_yiuf_cottage
D:3:      layout_loops_ring, hellmonk_ecumenical_altar_pennies_from_heaven

Skill      XL: |  1  2  3  4 |
---------------+-------------+-----
Axes           | 2 |  2.3
Dodging        | 1 |  1.2
Throwing       | 1 |  1.3
Evocations     | 1 |  1.2
Fighting       | |  3.9
Short Blades   | |  0.2
Armour         | |  3.8
Shields        | |  3.7

Action                   |  1- 3 |  4- 6 || total
-------------------------+-------+-------++-------
Melee: War axe           |    74 |     2 ||    76
       Dagger            |    22 |   127 ||   149
Armor: Scale mail        |    51 |    75 ||   126
Dodge: Dodged            |    48 |    74 ||   122
Block: Buckler           |    19 |    31 ||    50
